 Dungeon Crawl Stone Soup version 0.23.2-1-ga50397a (webtiles) character file.

Game seed: 10869868668411682334

1319 Fang the Skirmisher (level 8, -4/52 HPs)
             Began as a Gargoyle Berserker on Apr 25, 2019.
             Was an Elder of Trog.
             Slain by an ogre
             ... wielding a cursed -2 giant club
              (8 damage)
             ... on level 5 of the Dungeon.
             The game lasted 00:06:38 (4108 turns).

Fang the Skirmisher (Gargoyle Berserker)            Turns: 4108, Time: 00:06:38

Health: -4/52      AC: 15    Str: 23    XL:     8   Next: 59%
Magic:  8/8        EV: 10    Int:  8    God:    Trog [****..]
Gold:   275        SH:  0    Dex:  9    Spells: 7/7 levels left

rFire    + . .     SeeInvis .   a - +0 war axe
rCold    . . .     Gourm    .   (no shield)
rNeg     + . .     Faith    .   b - +0 chain mail
rPois    ∞         Spirit   .   (no helmet)
rElec    +         Reflect  .   w - scarf {repulsion}
rCorr    .         Harm     .   (no gloves)
MR       .....                  (no boots)
Stlth    ..........             q - amulet of magic regeneration
HPRegen  0.17/turn              f - ring of protection from fire
MPRegen  0.36/turn              (no ring)

@: repel missiles
A: negative energy resistance 1, electricity resistance, unbreathing,
petrification resistance, rot immunity, AC +5
a: Berserk, Trog's Hand, Brothers in Arms, Renounce Religion


You were on level 5 of the Dungeon.
You worshipped Trog.
Trog was greatly pleased with you.
You were not hungry.

You visited 1 branch of the dungeon, and saw 5 of its levels.

You collected 275 gold pieces.

Inventory:

Hand Weapons
 a - a +0 war axe (weapon)
Armour
 b - a +0 chain mail (worn)
 w - a scarf of repulsion (worn)
Jewellery
 f - a ring of protection from fire (left hand)
 q - an amulet of magic regeneration (around neck)
Scrolls
 g - a scroll of blinking {unknown}
 i - 5 scrolls of remove curse {unknown}
 j - 3 scrolls of magic mapping {unknown}
 n - a scroll of enchant weapon {unknown}
 p - 7 scrolls of identify {unknown}
 s - 3 scrolls of noise {unknown}
 t - 5 scrolls of immolation {unknown}
 x - 2 scrolls of random uselessness {unknown}
Potions
 d - a potion of invisibility {unknown}
 e - a potion of might {unknown}
 h - 5 potions of curing {unknown}
 k - a potion of lignification {unknown}
 l - a potion of resistance {unknown}
 m - 2 potions of heal wounds
 o - 2 potions of flight {unknown}
 r - 2 potions of ambrosia {unknown}
 u - a potion of brilliance {unknown}
Comestibles
 c - 15 rations
 v - 4 chunks of flesh


   Skills:
 + Level 6.4 Fighting
 + Level 5.3 Axes
 + Level 5.9 Armour
 + Level 4.4 Dodging


You had 7 spell levels left.
You didn't know any spells.
Your spell library was empty.

Dungeon Overview and Level Annotations

Branches:
Dungeon (5/15)
 Temple: D:4-7

Altars:
Cheibriados

Shops:
D:4 ?


Innate Abilities, Weirdness & Mutations

You are resistant to torment.
Your stone body is resilient. (AC +5)
You are immune to poison.
You resist negative energy. (rN+)
You are resistant to electric shocks. (rElec)
You can survive without breathing.
You are immune to petrification.
You are immune to rotting.


Message History

The ogre hits you with a cursed -2 giant club!!
You are too injured to fight recklessly!
You are too injured to fight recklessly!
You are too injured to fight recklessly!
You are too injured to fight recklessly!
You are too injured to fight recklessly!
You are too injured to fight recklessly!
You are too injured to fight recklessly!
You are too injured to fight recklessly!
You are too injured to fight recklessly!
You are too injured to fight recklessly!
You are too injured to fight recklessly!
You barely miss the ogre.
The ogre is severely wounded.
The ogre hits you with a cursed -2 giant club!
* * * LOW HITPOINT WARNING * * *
You barely miss the ogre.
The ogre is severely wounded.
The ogre hits you with a cursed -2 giant club!
You die...

# #. #.. #####
######+###
#...##...###...##...##
#...O@[..............#
#...##...............#
### ##..............##
#...........|...#.
#...............#.
#...............#.
##....##'#####'##.
#....#...........
#....#...........


You could see an ogre.

Vanquished Creatures
  A sky beast (D:4)
  7 big kobolds (D:3)
  A scorpion (D:4)
  A howler monkey (D:4)
  A crimson imp (D:5)
  3 orc priests
  Natasha (thrice) (D:4)
  5 orc wizards (D:4)
  2 howler monkey skeletons (D:4)
  9 adders
  6 gnolls
  A shadow imp (D:5)
  An adder skeleton (D:5)
  4 worms
  A dart slug (D:4)
  4 leopard geckos
  24 orcs
  3 giant cockroaches (D:1)
  4 goblins
  5 hobgoblins
  3 jackals
  48 kobolds
  2 quokkas (D:2)
  2 ball pythons
  4 bats
  4 frilled lizards
  A quokka skeleton (D:4)
  11 rats
161 creatures vanquished.

Notes
Turn   | Place    | Note
-------+----------+-------------------------------------------
     0 | D:1      | Fang the Gargoyle Berserker began the quest for the Orb.
     0 | D:1      | Reached XP level 1. HP: 14/14 MP: 1/1
   102 | D:1      | Reached XP level 2. HP: 4/19 MP: 2/2
   537 | D:1      | Reached XP level 3. HP: 17/23 MP: 3/3
   779 | D:2      | Reached ** piety under Trog
   888 | D:2      | Reached XP level 4. HP: 19/29 MP: 4/4
  1000 | D:2      | Reached skill level 4 in Fighting
  1267 | D:3      | Reached XP level 5. HP: 33/33 MP: 5/5
  1597 | D:3      | Reached *** piety under Trog
  1925 | D:3      | Noticed a big kobold
  1942 | D:3      | Killed a big kobold
  1942 | D:3      | Reached XP level 6. HP: 22/39 MP: 6/6
  2216 | D:3      | Reached skill level 5 in Fighting
  2216 | D:3      | Reached XP level 7. HP: 38/44 MP: 7/7
  2380 | D:3      | Reached **** piety under Trog
  2449 | D:3      | Reached skill level 5 in Armour
  2826 | D:4      | Noticed Natasha
  2831 | D:4      | Killed Natasha
  2941 | D:4      | Reached XP level 8. HP: 44/51 MP: 8/8
  3046 | D:4      | Found a snail-covered altar of Cheibriados.
  3046 | D:4      | Noticed Natasha
  3068 | D:4      | Killed Natasha
  3472 | D:4      | Noticed Natasha
  3478 | D:4      | Killed Natasha
  3478 | D:4      | Reached skill level 6 in Fighting
  3512 | D:4      | Reached skill level 5 in Axes
  3621 | D:4      | Found Pes Buorph's Magic Scroll Boutique.
  3977 | D:5      | Entered Level 5 of the Dungeon
  4108 | D:5      | Slain by an ogre

Skill      XL: |  1  2  3  4  5  6  7  8 |
---------------+-------------------------+-----
Axes           | 3 4 5 |  5.3
Dodging        | 2 3 4 |  4.4
Armour         | 3 4 5 |  5.9
Fighting       | 4 5 6 |  6.4

Action                   |  1- 3 |  4- 6 |  7- 9 || total
-------------------------+-------+-------+-------++-------
Melee: Hand axe          |    90 |   169 |       ||   259
       War axe           |       |    45 |   265 ||   310
Invok: Berserk           |       |     2 |     1 ||     3
 Stab: Sleeping          |     1 |       |       ||     1
       Distracted        |     1 |       |       ||     1
  Eat: Chunk             |       |     7 |     7 ||    14
Armor: Animal skin       |    30 |    42 |       ||    72
       Chain mail        |       |    61 |   239 ||   300
Dodge: Dodged            |    67 |   155 |   128 ||   350
